 Dungeon Crawl Stone Soup version 0.29.1-13-g9f3cf754e1 (webtiles) character file.

Game seed: 13163865603445163489

125922 TheDoctor the Stickfighter (level 16, -9/86 HPs)
             Began as a Spriggan Gladiator on Feb 9, 2023.
             Was the Champion of Okawaru.
             Killed from afar by a salamander mystic (36 damage)
             ... with a bolt of magma
             ... on level 1 of the Snake Pit on Feb 10, 2023.
             The game lasted 02:52:45 (41569 turns).

TheDoctor the Stickfighter (Spriggan Gladiator)    Turns: 41569, Time: 02:52:45

Health: -9/86      AC: 26    Str: 16    XL:     16   Next: 42%
Magic:  24/24      EV: 28    Int: 22    God:    Okawaru [******]
Gold:   193        SH:  0    Dex: 25    Spells: 19/27 levels left

rFire   . . .      SeeInvis +   n - +1 lajatang of the Special Orbs {flame, rElec rC- Int+7 Dex+4}
rCold   . . .      Faith    .   (shield currently unavailable)
rNeg    + . .      Spirit   .   a - +8 ice dragon scales of Evuazomea {rElec rF- rC++ rN+ Int+4 Dex+4}
rPois   .          Reflect  .   c - +0 hat
rElec   +          Harm     .   M - +2 cloak
rCorr   .          Rampage  .   (gloves unavailable)
Will    ++...                   (boots unavailable)
Stlth   ++........              L - amulet of regeneration
HPRegen 1.04/turn               u - ring of fire
MPRegen 0.19/turn               A - +4 ring of slaying

@: heroic, studying Fighting, very quick
A: very small, no large weapons, unfitting armour, see invisible, speed 3, low
MP 1
a: Renounce Religion, Heroism, Finesse, Duel


You were on level 1 of the Snake Pit.
You worshipped Okawaru.
Okawaru was exalted by your worship.
You visited 5 branches of the dungeon, and saw 25 of its levels.
You also visited: Sewer and Ice Cave.

You collected 2852 gold pieces.
You spent 2659 gold pieces at shops.

Inventory:

Hand Weapons
 n - the +1 lajatang of the Special Orbs (weapon) {flame, rElec rC- Int+7 Dex+4}
   (You bought it in a shop on level 2 of the Orcish Mines)

   It burns those it strikes, dealing additional fire damage.
   Big, fiery blades are also staple armaments of hydra-hunters.
   Int:       It affects your intelligence (+7).
   Dex:       It affects your dexterity (+4).
   rC:        It makes you vulnerable to cold.
   rElec:     It insulates you from electricity.
 q - a +2 spear of venom
 x - the +8 falchion "Beyreaps" {venom, rPois Str+2}
   (Okawaru gifted it to you on level 1 of the Snake Pit)

   It poisons the flesh of those it strikes.
   Str:       It affects your strength (+2).
   rPois:     It protects you from poison.
 W - a +2 demon trident of electrocution
 Z - a +4 quarterstaff of draining
Missiles
 d - 6 throwing nets
 e - 18 boomerangs (quivered)
 r - 3 curare-tipped darts
 w - 32 poisoned darts
 E - 3 datura-tipped darts
 O - 5 boomerangs of dispersal
Armour
 a - the +8 ice dragon scales of Evuazomea (worn) {rElec rF- rC++ rN+ Int+4 Dex+4}
   (Okawaru gifted it to you on level 3 of the Lair of Beasts)

   Int:       It affects your intelligence (+4).
   Dex:       It affects your dexterity (+4).
   rF:        It makes you vulnerable to fire.
   rC:        It greatly protects you from cold.
   rElec:     It insulates you from electricity.
   rN:        It protects you from negative energy.
 c - a +0 hat (worn)
 f - a scarf of resistance
 M - a +2 cloak (worn)
Jewellery
 l - a ring of protection from cold
 s - a +6 ring of intelligence
 u - a ring of fire (left hand)
 A - a +4 ring of slaying (right hand)
 L - an amulet of regeneration (around neck)
 X - a ring of protection from cold
Wands
 b - a wand of roots (15)
 i - a wand of light (5)
 t - a wand of mindburst (3)
 y - a wand of paralysis (18)
 J - a wand of flame (36)
 N - a wand of polymorph (8)
 T - a wand of digging (9)
Scrolls
 g - 7 scrolls of poison
 k - a scroll of magic mapping
 o - 6 scrolls of teleportation
 v - 4 scrolls of blinking
 I - a scroll of amnesia
 P - 2 scrolls of immolation
 Q - a scroll of summoning
 R - a scroll of silence {unknown}
 S - 2 scrolls of fog
Potions
 h - 3 potions of might
 j - 6 potions of curing
 p - 2 potions of heal wounds
 z - 2 potions of lignification
 B - 5 potions of attraction
 C - 5 potions of ambrosia
 D - a potion of berserk rage
 F - 4 potions of haste
 G - a potion of cancellation
 H - a potion of invisibility
 K - 4 potions of magic
 U - a potion of resistance
Miscellaneous
 m - a phial of floods (inert)
 V - a tin of tremorstones (2/2)


   Skills:
 + Level 10.5(15.5) Fighting
 + Level 15.4(20.4) Staves
 - Level 2.0(7.0) Throwing
 + Level 9.4(14.4) Armour
 - Level 10.5(15.5) Dodging
 - Level 6.4 Spellcasting
 + Level 4.1 Translocations
 - Level 11.3 Transmutations
 - Level 7.3 Invocations
 - Level 8.1 Evocations


You had 19 spell levels left.
You knew the following spells:

 Your Spells              Type           Power      Damage    Failure   Level
a - Statue Form           Tmut/Erth      21%        N/A       98%         6
b - Blink                 Tloc           50%        N/A       7%          2

Your spell library contained the following spells:

 Spells                   Type           Power      Damage    Failure   Level
 Beastly Appendage        Tmut           100%       N/A       1%          1
 Wereblood                Tmut           54%        N/A       1%          2
 Spider Form              Tmut/Pois      32%        N/A       8%          3
 Gell's Gravitas          Tloc           25%        N/A       14%         3
 Lesser Beckoning         Tloc           25%        N/A       14%         3
 Teleport Other           Tloc           25%        N/A       14%         3
 Ignite Poison            Fire/Tmut/Pois 35%        N/A       17%         3
 Magic Dart               Conj           28%        1d4       26%         1
 Necrotise                Necr           28%        1d5       26%         1
 Petrify                  Tmut/Erth      32%        N/A       26%         4
 Searing Ray              Conj           14%        2d5       36%         2
 Conjure Flame            Conj/Fire      10%        6-21      61%         3
 Mephitic Cloud           Conj/Pois/Air  7%         N/A       61%         3
 Vampiric Draining        Necr           7%         2d6       61%         3
 Iskenderun's Mystic Bla  Conj/Tloc      16%        2d5       73%         4
 Manifold Assault         Tloc           25%        N/A       78%         5
 Fulminant Prism          Conj/Hex       3%         3d6       95%         4
 Olgreb's Toxic Radiance  Pois           7%         N/A       95%         4
 Sticky Flame             Conj/Fire      10%        2d3       95%         4
 Agony                    Necr           7%         N/A       100%        5
 Freezing Cloud           Conj/Ice/Air   3%         6-21      100%        5
 Lee's Rapid Deconstruct  Erth           3%         3d6*      100%        5
 Metabolic Englaciation   Hex/Ice        3%         N/A       100%        5
 Ozocubu's Refrigeration  Ice            3%         4d8       100%        7
 Ignition                 Fire           5%         3d4       100%        8
 Polar Vortex             Ice            3%         N/A       100%        9
 Call Imp                 Summ           Unusable   N/A       N/A         2
 Simulacrum               Ice/Necr       Unusable   N/A       N/A         6

Dungeon Overview and Level Annotations

Branches:
Dungeon (15/15)            Temple (1/1) D:5            Lair (5/5) D:8
 Shoals (0/4) Lair:3        Snake (2/4) Lair:3        Slime (0/5) Lair:4
    Orc (2/2) D:9             Elf (0/3) Orc:2        Vaults (0/5) D:13
 Depths (0/4) D:15          Sewer (visited)           IceCv (visited)

Altars:
Ashenzari
Cheibriados
Dithmenos
Elyvilon
Fedhas
Gozag
Hepliaklqana
Kikubaaqudgha
Makhleb
Nemelex Xobeh
Okawaru
Qazlal
Ru
Sif Muna
Trog
Uskayaw
Vehumet
Wu Jian
Xom
Yredelemnul
Zin
The Shining One
Jiyva

Shops:
D:6 *   D:9 [   Orc:1 ?   Orc:2 :*[!*   Snake:1 !=[(:

Annotations:
D:10 Josephine
D:11 3 runed translucent doors, exclusion: orange crystal statue
D:13 1 transporter
D:15 Azrael
Lair:1 exclusion: 2 downstairs
Lair:2 exclusion: oklob plant


Innate Abilities, Weirdness & Mutations

You are very small and have problems with some larger weapons.
You are too small for most types of armour.
You have supernaturally acute eyesight. (SInv)
You cover ground extremely quickly. (Speed+++)
Your magical capacity is low. (-10% MP)


Message History

The bolt of magma misses you.
The salamander hits you but does no damage.
Unknown command.
You gain the combat prowess of a mighty hero.
The salamander hits you but does no damage.
You hit the salamander but do no damage.
The salamander is severely wounded.
You slice the salamander like a ripe choko!!!
You kill the salamander!
Okawaru accepts your kill. The naga warrior spits poison at you.
The splash of poison misses you.
There is a stone staircase leading up here.
The salamander mystic misses you.
You climb upwards.
There is a stone staircase leading down here.
You slash the salamander mystic!
The salamander mystic is lightly wounded.
You slash the salamander mystic!
The salamander mystic is moderately wounded.
The salamander mystic completely misses you.
You hit the salamander mystic.
The salamander mystic is heavily wounded.
The salamander mystic hits you with a +0 quarterstaff!
You are engulfed in flames!
* * * LOW HITPOINT WARNING * * *
You completely miss the salamander mystic.
The salamander mystic is heavily wounded.
The salamander mystic completely misses you.
You hit the salamander mystic.
The salamander mystic is heavily wounded.
You closely miss the salamander mystic.
The salamander mystic is heavily wounded.
The salamander mystic points at you and mumbles some strange words.
The bolt of magma misses you.
You slice the salamander mystic!!
The salamander mystic is almost dead.
The salamander mystic points at you and mumbles some strange words.
The bolt of magma hits you!!!
You die...

.##................#
###........[.......#
###....)...........#
.##................#
.'.................#
.##................#
###..........#######
##........^.########
............##..@N.#
............##.(...#
............##.....#
............##.....#
################.###
###############.∩###
.............##....#
.............##....#
.............'.....#


You could see a salamander mystic.

Vanquished Creatures
  Rupert (D:13)
  Donald (Snake:1)
  A reaper (IceCv)
  Erolcha (Orc:1)
  Harold (D:10)
  11 hydras
  Fannar (D:10)
  A boulder beetle (D:15)
  A catoblepas (D:14)
  4 ogre magi (Orc:2)
  7 centaur warriors
  An anaconda (Snake:1)
  14 two-headed ogres
  3 naga warriors (Snake:1)
  A tengu warrior (D:13)
  Urug (D:13)
  20 death yaks
  A shock serpent (Snake:1)
  A fire crab (shapeshifter) (D:13)
  6 skeletal warriors (D:15)
  2 lindwurms
  2 naga ritualists (Snake:1)
  A sphinx zombie (D:15)
  A phantasmal warrior (D:15)
  A necromancer (D:15)
  4 ugly things
  4 deep elf pyromancers
  6 mana vipers (Snake:1)
  2 orc sorcerers (Orc:1)
  A wolf spider (Lair:5)
  A frost giant zombie (D:15)
  3 salamanders
  A stone giant zombie (D:15)
  9 elephants
  4 cyclopes
  3 manticores
  A torpor snail (Lair:5)
  A merfolk siren (Lair:3)
  2 ice statues (IceCv)
  A naga mage (Snake:1)
  Maurice (D:13)
  13 black mambas
  3 guardian serpents
  13 cane toads
  An unseen horror (D:13)
  3 gargoyles
  6 komodo dragons
  5 rime drakes
  Psyche (D:12)
  5 yaktaurs (D:14)
  A kobold demonologist (D:10)
  9 ice devils
  A guardian mummy (D:15)
  10 polar bears
  7 trolls
  A polar bear (shapeshifter) (D:13)
  6 blink frogs (Lair:3)
  3 hornets (Lair:5)
  6 slime creatures
  Grinder (D:4)
  10 dream sheep
  A raiju (Lair:5)
  2 shadows
  A dire elephant simulacrum (IceCv)
  3 vampires
  6 wraiths
  17 wyverns
  48 yaks
  5 basilisks
  16 humans
  Grum (D:10)
  3 steam dragons
  2 redbacks
  11 vampire mosquitoes
  A death yak simulacrum (IceCv)
  A harpy simulacrum (IceCv)
  A neqoxec (D:8)
  6 wargs (Lair:5)
  8 nagas
  14 hell hounds (Lair:5)
  Duvessa (D:4)
  22 water moccasins
  13 orc warriors
  Pargi (Sewer)
  2 ice beasts (D:7)
  14 black bears
  17 wolves
  6 centaurs
  25 ogres
  A phantom (D:5)
  4 kobold brigands
  Blork the orc (D:4)
  14 bullfrogs
  5 scorpions
  3 gnoll sergeants
  A necrophage (D:6)
  4 two-headed ogre simulacra (IceCv)
  2 cane toad simulacra (IceCv)
  4 wights (D:10)
  Dowan (D:4)
  9 killer bees
  4 howler monkeys
  A howler monkey (shapeshifter) (D:14)
  2 gnoll boudas
  23 orc priests
  6 jellies
  3 hounds
  Ijyb (D:5)
  6 iguanas
  30 orc wizards
  2 troll simulacra (IceCv)
  2 polar bear simulacra (IceCv)
  3 spriggan simulacra (IceCv)
  2 wolf simulacra (IceCv)
  22 gnolls
  7 adders
  2 naga simulacra (IceCv)
  2 river rats (Lair:3)
  A shadow imp (D:7)
  2 white imps
  4 ufetubi
  A worm (D:4)
  4 dart slugs
  88 orcs
  7 ball pythons
  7 endoplasms
  3 giant cockroaches
  6 goblins
  8 hobgoblins
  3 jackals (D:2)
  A quokka (D:5)
  12 bats
  4 frilled lizards
  20 kobolds
  3 rats
  A spectral orc (D:6)
824 creatures vanquished.

Vanquished Creatures (others)
  A stone giant skeleton (D:15)
  23 bushes
  64 fungi
  194 plants
  17 withered plants (D:15)
299 creatures vanquished.

Grand Total: 1123 creatures vanquished

Notes
Turn   | Place    | Note
-------+----------+-------------------------------------------
     0 | D:1      | TheDoctor the Spriggan Gladiator began the quest for the
                  | Orb.
     0 | D:1      | Reached XP level 1. HP: 10/10 MP: 2/2
   330 | D:1      | Reached XP level 2. HP: 9/14 MP: 3/3
  1395 | D:1      | Reached XP level 3. HP: 18/18 MP: 4/4
  1672 | D:2      | Reached skill level 5 in Dodging
  1999 | D:2      | Found a faded altar of an unknown god.
  2014 | D:2      | Reached skill level 3 in Staves
  2579 | D:2      | Reached XP level 4. HP: 22/22 MP: 5/5
  3779 | D:3      | Reached XP level 5. HP: 25/25 MP: 6/6
  3914 | D:3      | Found an ornate altar of the Wu Jian Council.
  4350 | D:4      | Noticed Blork the orc
  4352 | D:4      | Noticed Duvessa
  4352 | D:4      | Noticed Dowan
  4456 | D:4      | Found a sparkling altar of Nemelex Xobeh.
  4550 | D:4      | Noticed Grinder
  4629 | D:4      | Found a glowing golden altar of the Shining One.
  4655 | D:4      | Reached XP level 6. HP: 23/30 MP: 7/7
  4661 | D:4      | Reached skill level 4 in Staves
  4803 | D:4      | Found a glowing drain.
  4818 | Sewer    | Entered a sewer
  4927 | Sewer    | Noticed Pargi
  4961 | Sewer    | Killed Pargi
  5223 | D:4      | Killed Blork the orc
  5282 | D:4      | Killed Dowan
  5283 | D:4      | Reached XP level 7. HP: 28/33 MP: 8/8
  5404 | D:4      | Killed Duvessa
  5643 | D:4      | Killed Grinder
  5644 | D:4      | Reached skill level 5 in Staves
  5898 | D:5      | Entered Level 5 of the Dungeon
  5963 | D:5      | Reached XP level 8. HP: 26/37 MP: 9/9
  6130 | D:5      | Found a staircase to the Ecumenical Temple.
  6138 | Temple   | Entered the Ecumenical Temple
  6226 | Temple   | Became a worshipper of Warmaster Okawaru
  6713 | D:5      | Reached skill level 10 in Dodging
  6961 | D:5      | Noticed Ijyb
  6977 | D:5      | Reached skill level 6 in Staves
  6995 | D:5      | Killed Ijyb
  7676 | D:6      | Found Tyreas's Lightly-Used Armoury.
  7781 | D:6      | Reached * piety under Okawaru
  8259 | D:6      | Found a basalt altar of Yredelemnul.
  8448 | D:7      | Reached XP level 9. HP: 44/44 MP: 10/10
  8588 | D:7      | HP: 2/44 [steam dragon/ball of steam (25)]
  9169 | D:7      | Reached skill level 7 in Staves
  9759 | D:7      | Reached ** piety under Okawaru
 10022 | D:8      | Found a staircase to the Lair.
 10079 | D:7      | Reached skill level 5 in Fighting
 10312 | D:8      | Noticed a komodo dragon
 10392 | D:8      | Reached skill level 8 in Staves
 10402 | D:8      | Reached *** piety under Okawaru
 10440 | D:8      | Noticed an efreet
 10619 | D:8      | Killed a komodo dragon
 10620 | D:8      | Reached XP level 10. HP: 53/53 MP: 11/11
 11046 | D:8      | Gained mutation: You occasionally shout uncontrollably at
                  | your foes. [a neqoxec]
 11053 | D:8      | Gained mutation: You do not regenerate when monsters are
                  | visible. [a neqoxec]
 11171 | D:8      | Found a stormy altar of Qazlal.
 11174 | D:8      | Found a hazy altar of Hepliaklqana.
 11177 | D:8      | Found a shadowy altar of Dithmenos.
 11314 | D:8      | Reached **** piety under Okawaru
 11361 | D:9      | Found a staircase to the Orcish Mines.
 11401 | D:9      | Received a gift from Okawaru
 12006 | D:9      | Reached skill level 9 in Staves
 12110 | D:9      | Found Raxirede's Armour Shoppe.
 12800 | D:10     | Entered Level 10 of the Dungeon
 12802 | D:10     | Noticed Grum
 12898 | D:9      | Reached ***** piety under Okawaru
 13323 | D:10     | Noticed Fannar
 13476 | D:10     | Reached XP level 11. HP: 60/60 MP: 12/12
 13692 | D:10     | Killed Fannar
 13765 | D:10     | Noticed Josephine
 14180 | D:10     | Killed Grum
 14610 | D:10     | Noticed Harold
 14612 | D:10     | Reached skill level 10 in Staves
 15346 | D:11     | Reached skill level 1 in Evocations
 15553 | D:11     | Received a gift from Okawaru
 15730 | D:11     | Found a runed translucent door.
 15776 | D:11     | Identified the +0 ring mail "Trusted Companion" {Harm rPois
                  | Dex+3}
 15820 | D:11     | Found a runed translucent door.
 15984 | D:11     | Reached skill level 5 in Evocations
 16089 | D:11     | Found a runed translucent door.
 16102 | D:11     | Found a runed translucent door.
 16785 | D:10     | Killed Harold
 17042 | D:11     | Noticed an orange crystal statue
 17228 | D:12     | Noticed a white ugly thing
 17295 | D:11     | Killed a white ugly thing
 17761 | D:12     | Reached skill level 11 in Staves
 18120 | D:12     | Reached XP level 12. HP: 32/66 MP: 10/13
 18347 | D:12     | Reached ****** piety under Okawaru
 18347 | D:12     | Received a gift from Okawaru
 18944 | D:12     | Noticed Psyche
 18968 | D:12     | Killed Psyche
 19157 | D:12     | Found a glowing silver altar of Zin.
 19288 | Lair:1   | Entered Level 1 of the Lair of Beasts
 19422 | Lair:1   | Reached skill level 1 in Invocations
 19559 | Lair:1   | Noticed a seven-headed hydra
 19650 | Lair:1   | Killed a seven-headed hydra
 20204 | Lair:1   | Received a gift from Okawaru
 20618 | Lair:2   | Noticed a six-headed hydra
 20992 | Lair:2   | Noticed a death yak
 20999 | Lair:2   | Noticed a death yak
 21359 | Lair:1   | Reached skill level 5 in Invocations
 21500 | Lair:2   | Killed a six-headed hydra
 21501 | Lair:2   | Reached skill level 12 in Staves
 21795 | Lair:2   | Noticed a six-headed hydra
 21944 | Lair:2   | Killed a six-headed hydra
 22067 | Lair:2   | Noticed a death yak
 22067 | Lair:2   | Noticed a death yak
 22068 | Lair:2   | Noticed a death yak
 22069 | Lair:2   | Noticed a death yak
 22119 | Lair:2   | Killed a death yak
 22119 | Lair:2   | Received a gift from Okawaru
 22202 | Lair:2   | Killed a death yak
 22279 | Lair:2   | Killed a death yak
 22326 | Lair:2   | Killed a death yak
 22355 | Lair:2   | Noticed a seven-headed hydra
 22391 | Lair:2   | Killed a seven-headed hydra
 22392 | Lair:2   | Reached XP level 13. HP: 70/70 MP: 19/19
 22665 | Lair:2   | Received a gift from Okawaru
 23231 | Lair:3   | Learned a level 6 spell: Statue Form
 23445 | Lair:2   | Reached skill level 1 in Transmutations
 23539 | Lair:3   | Reached skill level 1 in Armour
 24144 | Lair:3   | Found a staircase to the Snake Pit.
 24169 | Lair:3   | Identified the +8 ice dragon scales of Evuazomea {rElec rF-
                  | rC++ rN+ Int+4 Dex+4} (Okawaru gifted it to you on level 3
                  | of the Lair of Beasts)
 24169 | Lair:3   | Received a gift from Okawaru
 24708 | Lair:3   | Found a staircase to the Shoals.
 25260 | Lair:3   | Reached skill level 5 in Transmutations
 25501 | Lair:3   | Reached skill level 13 in Staves
 25797 | Lair:4   | Found a viscous altar of Jiyva.
 25797 | Lair:4   | Found a staircase to the Slime Pits.
 27001 | Lair:4   | Reached XP level 14. HP: 61/75 MP: 20/20
 27409 | Lair:4   | Lost mutation: You occasionally shout uncontrollably at
                  | your foes. [potion of mutation]
 27409 | Lair:4   | Lost mutation: You do not regenerate when monsters are
                  | visible. [potion of mutation]
 27409 | Lair:4   | Gained mutation: Your magical capacity is low. (-10% MP)
                  | [potion of mutation]
 27442 | Lair:5   | Entered Level 5 of the Lair of Beasts
 27917 | Lair:4   | Received a gift from Okawaru
 28305 | Lair:5   | Reached skill level 5 in Armour
 28583 | Lair:5   | Paralysed by a hornet for 1 turns
 29749 | Lair:5   | Reached skill level 10 in Transmutations
 30556 | Lair:5   | Reached skill level 14 in Staves
 30692 | Lair:5   | Received a gift from Okawaru
 31941 | D:13     | Noticed Rupert
 31941 | D:13     | Noticed Urug
 31941 | D:13     | Found a gate to the Vaults.
 32072 | D:13     | Reached skill level 1 in Spellcasting
 32210 | D:13     | Received a gift from Okawaru
 32211 | D:13     | Reached XP level 15. HP: 79/79 MP: 19/19
 32499 | D:13     | Paralysed by Rupert for 5 turns
 32522 | D:13     | Killed Rupert
 32588 | D:13     | Found a transporter.
 32956 | D:13     | Noticed Maurice
 33012 | D:13     | Killed Urug
 33012 | D:13     | Identified the +3 buckler of the Moon Troll {Harm rPois}
                  | (Okawaru gifted it to you on level 13 of the Dungeon)
 33012 | D:13     | Received a gift from Okawaru
 33031 | D:13     | Killed Maurice
 33466 | D:14     | Reached skill level 5 in Spellcasting
 34241 | D:15     | Entered Level 15 of the Dungeon
 35167 | D:15     | Found a staircase to the Depths.
 35500 | D:15     | Noticed Azrael
 35943 | Orc:1    | Entered Level 1 of the Orcish Mines
 36074 | Orc:1    | Noticed Erolcha
 36137 | Orc:1    | Killed Erolcha
 36194 | Orc:1    | Found Wuskoimm's Magic Scroll Boutique.
 36266 | Orc:1    | Found a frozen archway.
 36503 | IceCv    | Entered an ice cave
 37142 | IceCv    | Reached skill level 15 in Staves
 37200 | IceCv    | Received a gift from Okawaru
 37651 | Orc:1    | Bought a scroll of identify for 26 gold pieces
 37884 | Orc:2    | Entered Level 2 of the Orcish Mines
 37980 | Orc:2    | Found a staircase to the Elven Halls.
 38254 | Orc:2    | Found a bloodstained altar of Trog.
 38387 | Orc:2    | Received a gift from Okawaru
 38502 | Orc:2    | Received a gift from Okawaru
 38503 | Orc:2    | Reached XP level 16. HP: 84/84 MP: 24/24
 38657 | Orc:2    | Found Sex Jeve's Antique Armour Emporium.
 38657 | Orc:2    | Found Diururuh's Book Boutique.
 38658 | Orc:2    | Found Reron's Distillery.
 38658 | Orc:2    | Found Bemil's General Store.
 39163 | Orc:2    | Bought a potion of might for 68 gold pieces
 39173 | Orc:2    | Bought the +1 lajatang of the Special Orbs {flame, rElec
                  | rC- Int+7 Dex+4} for 745 gold pieces
 39176 | Orc:2    | Bought a book of Spatial Translocations for 364 gold pieces
 39282 | Orc:2    | Found Matsiaw's Mass Market.
 39470 | Orc:2    | Learned a level 2 spell: Blink
 39576 | Orc:1    | Bought a scroll of identify for 26 gold pieces
 39576 | Orc:1    | Bought a scroll of immolation for 52 gold pieces
 39576 | Orc:1    | Bought 2 scrolls of identify for 52 gold pieces
 39576 | Orc:1    | Identified a scroll of acquirement
 39597 | Orc:1    | Acquired a manual of Fighting
 39784 | Snake:1  | Entered Level 1 of the Snake Pit
 39807 | Snake:1  | Noticed Donald
 39827 | Snake:1  | Killed Donald
 39828 | Snake:1  | Reached skill level 1 in Translocations
 39927 | Snake:1  | Found Daseasmy's Distillery.
 39939 | Snake:1  | Found Raunun's Jewellery Shop.
 39974 | Snake:1  | Reached skill level 10 in Fighting
 40048 | Snake:1  | Identified the +8 falchion "Beyreaps" {venom, rPois Str+2}
                  | (Okawaru gifted it to you on level 1 of the Snake Pit)
 40048 | Snake:1  | Received a gift from Okawaru
 40239 | Snake:1  | Found Dydunk's Armour Boutique.
 40719 | Snake:1  | Bought a +4 ring of slaying for 1326 gold pieces
 41005 | Snake:1  | Found Dein's Weapon Shoppe.
 41413 | Snake:1  | Found Beusivag's Book Shoppe.
 41569 | Snake:1  | Killed from afar by a salamander mystic

Illustrated notes

Levels and vault maps discovered:
D:1:      lightli_molten_gateway, layout_loops_cross, minmay_small_reverse_x
D:2:      layout_loops_corners, hellmonk_ecumenical_altar_slurped_away,
          grunt_ministairs_3
D:3:      layout_basic, nzn_wu_jian_contemplation
D:4:      layout_rooms, mainiacjoe_overflow_cross_hatched,
          nemelex_xobeh_ov_fountains_minmay, cheibrodos_sewer_entry_bend,
          uniq_blork_the_orc, uniq_duvessa, uniq_grinder
D:5:      layout_loops_cross, minmay_temple_entry_arrows,
          kennysheep_opposing_triangles, uniq_ijyb
D:6:      layout_basic, yredelemnul_forgotten_temple_becter, minmay_shop_damaged
D:7:      layout_basic
D:8:      layout_rooms, grunt_temple_overflow_diamond,
          due_lair_maze_entry_diamond
D:9:      layout_loops_cross, hiddenorc2_lemuel, serial_shops, shop,
          kennysheep_generic_room_4
D:10:     layout_loops_corners, grunt_ministairs_3, uniq_grum, uniq_harold,
          uniq_josephine, uniq_fannar
D:11:     layout_grid_maze, minmay_statue_crystal_thing
D:12:     layout_roguey, minmay_variable_closet, zin_treasury, uniq_psyche
D:13:     layout_rooms, david_vaults_3, nicolae_diode_basic, uniq_maurice
D:14:     layout_roguey, chequers_serial_rivers_micro_c, kennysheep_crisscross
D:15:     gammafunk_depths_entry_grave, layout_cave_pods, serial_park_square2,
          uniq_azrael
Temple:   regret_index_temple_generic_petals
Lair:1:   layout_regular_city, chequers_serial_rivers_small_a
Lair:2:   layout_chaotic_city, chequers_serial_rivers_room_a,
          minmay_lair_oklob_bushes, chequers_serial_rivers_micro_a
Lair:3:   layout_hall_layers, elwin_shoals_entry_rooms,
          guppyfry_snake_entry_garden, pond, grunt_megastairs_2,
          lemuel_fruit_fields
Lair:4:   layout_regular_city, dpeg_slime_entry_corner, minivault_25,
          grunt_megastairs_4
Lair:5:   hangedman_lair_tendril_chambers, layout_layer_cave,
          hangedman_lair_caniforms_friends, serial_forest,
          infiniplex_forest_lined_room_, infiniplex_forest_clump_double,
          infiniplex_forest_clump_curved, infiniplex_forest_end_2,
          infiniplex_forest_corner_1, infiniplex_forest_straight_3,
          infiniplex_forest_3_way, small_statue_intersection
Snake:1:  layout_grid_maze, serial_shops, nicolae_shop_crystal,
          nicolae_shop_advertising_works [nicolae_subvault_shop_adworks],
          nicolae_shop_bloodbath_and_beyond, nicolae_shop_hallway_stairs, shop,
          drop_trap, uniq_donald
Snake:2:  layout_basic, serial_bayou_shore_b, uniq_agnes
Orc:1:    layout_caves, portal_ice_cave_demonic_guard, serial_shops,
          nicolae_shop_waterfront, uniq_erolcha
Orc:2:    st_orc_ogre_mass, layout_caves, basic_altar,
          statue_in_the_mist_lemuel, nicolae_orc_stony_grotto, minmay_shop_mass,
          david_defended_altar_orc

Skill      XL: |  1  2  3  4  5  6  7  8  9 10 11 12 13 14 15 16 |
---------------+-------------------------------------------------+-----
Dodging        | 5 6 7 8 9 10 | 10.5
Staves         | 3 4 5 6 8 9 11 12 13 14 15 | 15.4
Fighting       | 3 6 8 9 10 | 10.5
Evocations     | 7 8 |  8.1
Invocations    | 6 7 |  7.3
Transmutations | 7 11 | 11.3
Armour         | 4 6 8 9 |  9.4
Spellcasting   | 1 6 |  6.4
Translocations | 4 |  4.1
Throwing       | |  2.0

Action                   |  1- 3 |  4- 6 |  7- 9 | 10-12 | 13-15 | 16-18 || total
-------------------------+-------+-------+-------+-------+-------+-------++-------
Melee: Quarterstaff      |    66 |       |    36 |   242 |  1017 |    11 ||  1372
       Whip              |    34 |   150 |       |       |       |       ||   184
       Punch             |       |     2 |     2 |     7 |    14 |     4 ||    29
       Spear             |       |    16 |   441 |  1146 |  1378 |   191 ||  3172
       Demon trident     |       |       |       |       |   462 |       ||   462
       Lajatang          |       |       |       |       |       |   191 ||   191
Throw: Throwing net      |       |     1 |     9 |     2 |       |       ||    12
       Dart              |       |       |       |    52 |     3 |       ||    55
       Boomerang         |       |       |       |    12 |    33 |       ||    45
Invok: Heroism           |       |       |       |     3 |    15 |     3 ||    21
       Finesse           |       |       |       |       |     4 |     1 ||     5
Evoke: Wand              |       |       |       |    15 |    18 |       ||    33
       Phial of floods   |       |       |       |       |       |     1 ||     1
  Use: Scroll            |       |       |     4 |    15 |    12 |     4 ||    35
       Potion            |       |       |     2 |     5 |     7 |       ||    14
 Stab: Held in net/web   |       |       |     5 |       |       |       ||     5
       Invisible         |       |       |       |     2 |       |       ||     2
       Distracted        |       |       |       |       |     2 |       ||     2
Armor: Robe              |     7 |       |       |       |       |       ||     7
       Quicksilver drago |    15 |    52 |    55 |   109 |    16 |       ||   247
       Ice dragon scales |       |       |       |       |   433 |    43 ||   476
Dodge: Dodged            |    75 |   160 |   304 |   684 |  1430 |   163 ||  2816
